 Dungeon Crawl Stone Soup version 0.27-a0-1331-g60ef6b6952 (webtiles) character file.

Game seed: 13201350935332048997

2485 Johnny the Thaumaturge (level 9, -2/57 HPs)
             Began as a Deep Elf Earth Elementalist on June 25, 2021.
             Was a Follower of Dithmenos.
             Slain by Edmund (8 damage)
             ... on level 6 of the Dungeon.
             The game lasted 00:06:10 (7493 turns).

Johnny the Thaumaturge (DEEE)                       Turns: 7493, Time: 00:06:10

Health: -2/57      AC:  3    Str:  5    XL:     9   Next: 27%
Magic:  23/23      EV: 12    Int: 30    God:    Dithmenos [*.....]
Gold:   318        SH:  0    Dex: 15    Spells: 12/25 levels left

rFire    + . .     SeeInvis .   z - +4 spear (freeze)
rCold    . . .     Faith    .   (no shield)
rNeg     . . .     Spirit   .   b - +0 robe
rPois    .         Reflect  .   m - +0 helmet
rElec    .         Harm     .   (no cloak)
rCorr    .         Rampage  .   (no gloves)
Will     .....                  (no boots)
Stlth    ++........             (no amulet)
HPRegen  0.19/turn              q - +6 ring of intelligence
MPRegen  0.18/turn              i - ring of protection from fire

@: wreathed by umbra
A: no striking features
a: Renounce Religion


You were on level 6 of the Dungeon.
You worshipped Dithmenos.
Dithmenos was aware of your devotion.
You visited 1 branch of the dungeon, and saw 6 of its levels.

You collected 318 gold pieces.

Inventory:

Hand Weapons
 d - a +0 rapier
 j - a +0 short sword of venom
 z - a +4 spear of freezing (weapon)
Missiles
 c - 91 stones
Armour
 b - a +0 robe (worn)
 m - a +0 helmet (worn)
Magical Staves
 k - a staff of poison
Jewellery
 i - a ring of protection from fire (right hand)
 n - a +6 ring of strength
 q - a +6 ring of intelligence (left hand)
 y - a ring of positive energy
 A - a ring of protection from fire
Scrolls
 a - 2 scrolls of immolation {unknown}
 h - 3 scrolls of teleportation {unknown}
 l - 4 scrolls of identify {unknown}
 s - a scroll of torment {unknown}
 v - 2 scrolls of silence {unknown}
 w - a scroll of enchant armour {unknown}
 B - a scroll of fear {unknown}
 C - a scroll of noise {unknown}
 D - a scroll of brand weapon {unknown}
 E - a scroll of amnesia {unknown}
Potions
 e - a potion of curing
 f - a potion of mutation {unknown}
 g - a potion of magic
 o - a potion of haste {unknown}
 p - a potion of cancellation {unknown}
 r - 2 potions of resistance {unknown}
 t - 2 potions of attraction {unknown}
 u - 2 potions of flight {unknown}
 x - a potion of heal wounds {unknown}


   Skills:
 * Level 7.4 Fighting
 - Level 2.4 Dodging
 - Level 2.4 Stealth
 + Level 8.7 Spellcasting
 - Level 1.1 Transmutations
 + Level 7.6 Earth Magic


You had 12 spell levels left.
You knew the following spells:

 Your Spells              Type           Power      Damage    Failure   Level
a - Sandblast             Erth           100%       2d20      1%          1
b - Stone Arrow           Conj/Erth      72%        3d11      2%          3
c - Lee's Rapid Deconstr  Erth           28%        3d16*     4%          5
d - Petrify               Tmut/Erth      39%        N/A       7%          4

Your spell library contained the following spells:

 Spells                   Type           Power      Damage    Failure   Level
 Passwall                 Tmut/Erth      32%        N/A       1%          2


Dungeon Overview and Level Annotations

Branches:
Dungeon (6/15)             Temple (0/1) D:4

Altars:
Ashenzari
Cheibriados
Dithmenos
Elyvilon
Fedhas
Kikubaaqudgha
Okawaru
Trog
Yredelemnul

Annotations:
D:6 1 runed translucent door, Edmund


Message History

The bullfrog is almost dead.
The bullfrog is no longer moving slowly.
The bullfrog hits you. Edmund closely misses you.
You hit the bullfrog.
The bullfrog seems to slow down.
You freeze the bullfrog.
You kill the bullfrog!
Dithmenos accepts your kill.
Edmund says, "People will remember me!
They'll remember me and die!"
Edmund hits you with a +2 flail of holy wrath!
You are too injured to fight recklessly!
There are monsters nearby!
Casting: Stone Arrow (dangerous; 2% risk of failure)
Confirm with . or Enter, or press ? or * to list all spells.
Aiming: Petrify (dangerous; 7% risk of failure)
Press: ? - help, Shift-Dir - straight line, f - Edmund
Aim: Edmund, wielding a +2 flail of holy wrath and wearing a +0 leather armour (umbra, chance to affect: 67%) Edmund struggles to resist.
Edmund hits you with a +2 flail of holy wrath!
* * * LOW HITPOINT WARNING * * *
Edmund clears his throat.
Edmund hits you with a +2 flail of holy wrath.
* * * LOW HITPOINT WARNING * * *
Unknown command.
Okay, then.
Okay, then.
Okay, then.
Edmund says, "People accused me of being a cutpurse!"
You feel better.
Edmund hits you with a +2 flail of holy wrath.
Okay, then.
Press: ? - help, v - describe, . - travel
Here: Edmund, wielding a +2 flail of holy wrath and wearing a +0 leather armour (umbra)
The floor.
Unknown command.
The scorpion stings you.
* * * LOW HITPOINT WARNING * * *
It was a potion of magic.
Magic courses through your body. The scorpion stings you.
* * * LOW HITPOINT WARNING * * *
Edmund hits you with a +2 flail of holy wrath!
You die...

#.###.#..... #.#
#.#.....
###########.###.####.#
#..........÷..#..# #.#
###.............##.###.#
#..............(##..##.#
#...............###.##.#
#.......@.......# #..#.#
#......@s.......# ##.#.#
#...#########.#.####...#
##### #...........###..#
#.#..s♣..†#.....>#
#....♣.♣.....###.#
#...♣.♣.♣....# #.#
#..♣.♣.♣.♣...# #.#
#.♣.♣._.♣.♣..# #.#
#..♣.♣.♣.♣...# #.#


You could see Edmund and a scorpion.

Vanquished Creatures
  Menkaure (D:5)
  A water moccasin (D:5)
  An orc warrior (D:6)
  2 sky beasts
  An ice beast (D:5)
  2 black bears
  2 ogres
  3 necrophages (D:5)
  A gnoll sergeant (D:6)
  A bullfrog (D:6)
  A scorpion (D:5)
  2 water moccasin zombies (D:5)
  4 wights (D:5)
  3 centaur zombies
  A human zombie (D:5)
  3 hounds
  A bullfrog zombie (D:5)
  4 iguanas
  Ijyb (D:5)
  6 orc wizards
  A killer bee zombie (D:5)
  A hound skeleton (D:4)
  A hound zombie (D:5)
  2 mummies (D:5)
  4 gnolls (D:6)
  9 adders
  A shadow imp (D:6)
  A white imp (D:5)
  An ufetubus (D:3)
  A worm (D:3)
  3 dart slugs
  16 orcs
  8 ball pythons
  6 endoplasms
  3 giant cockroaches
  3 goblins
  5 hobgoblins
  2 quokkas (D:4)
  4 bats
  2 frilled lizards (D:2)
  4 kobolds
  6 rats
125 creatures vanquished.

Vanquished Creatures (others)
  8 plants (D:5)
8 creatures vanquished.

Grand Total: 133 creatures vanquished

Notes
Turn   | Place    | Note
-------+----------+-------------------------------------------
     0 | D:1      | Johnny the Deep Elf Earth Elementalist began the quest for
                  | the Orb.
     0 | D:1      | Reached XP level 1. HP: 10/10 MP: 6/6
   360 | D:1      | Found a faded altar of an unknown god.
   550 | D:1      | Reached XP level 2. HP: 14/16 MP: 8/8
   669 | D:1      | Reached skill level 1 in Fighting
  1598 | D:2      | Reached XP level 3. HP: 4/20 MP: 8/10
  1600 | D:2      | HP: 1/20 [poisoned by an adder]
  2700 | D:3      | Reached XP level 4. HP: 26/26 MP: 11/11
  3183 | D:3      | Learned a level 3 spell: Stone Arrow
  3196 | D:3      | Noticed a sky beast
  3206 | D:3      | Killed a sky beast
  3207 | D:3      | Reached skill level 4 in Spellcasting
  3207 | D:3      | Reached XP level 5. HP: 32/32 MP: 8/13
  3250 | D:3      | Noticed a black bear
  3260 | D:3      | Killed a black bear
  3261 | D:3      | Reached XP level 6. HP: 28/37 MP: 5/15
  3262 | D:3      | Reached skill level 5 in Spellcasting
  3755 | D:4      | Found a broken altar of Ashenzari.
  3960 | D:4      | Reached skill level 5 in Earth Magic
  4050 | D:4      | Found a blossoming altar of Fedhas.
  4051 | D:4      | Found a bloodstained altar of Trog.
  4051 | D:4      | Found a shadowy altar of Dithmenos.
  4110 | D:4      | Became a worshipper of Dithmenos the Shadowed
  4191 | D:4      | Found a staircase to the Ecumenical Temple.
  4263 | D:4      | Reached XP level 7. HP: 36/43 MP: 17/17
  4840 | D:5      | Entered Level 5 of the Dungeon
  4914 | D:5      | Reached skill level 6 in Spellcasting
  4939 | D:5      | Reached skill level 5 in Fighting
  5108 | D:5      | Reached XP level 8. HP: 49/49 MP: 9/20
  5422 | D:5      | Learned a level 5 spell: Lee's Rapid Deconstruction
  5427 | D:5      | Learned a level 4 spell: Petrify
  5594 | D:5      | Noticed Ijyb
  5600 | D:5      | Reached skill level 7 in Spellcasting
  5601 | D:5      | Killed Ijyb
  5601 | D:5      | Reached * piety under Dithmenos
  6142 | D:5      | Found a basalt altar of Yredelemnul.
  6298 | D:5      | Found an ancient bone altar of Kikubaaqudgha.
  6305 | D:5      | Reached skill level 8 in Spellcasting
  6305 | D:5      | Found a snail-covered altar of Cheibriados.
  6498 | D:5      | Noticed Menkaure
  6500 | D:5      | Killed Menkaure
  6501 | D:5      | Reached XP level 9. HP: 56/56 MP: 13/23
  6649 | D:5      | Found a white marble altar of Elyvilon.
  7040 | D:6      | Found a runed translucent door.
  7471 | D:6      | Found an iron altar of Okawaru.
  7473 | D:6      | Noticed Edmund
  7493 | D:6      | Slain by Edmund

Illustrated notes

Levels and vault maps discovered:
D:1:      minmay_arrival_doors, layout_rooms,
          ebering_ecumenical_altar_abandoned, minmay_indecisive_spiral
D:2:      layout_basic
D:3:      layout_loops_corners, minmay_box_of_dots
D:4:      layout_gridville, ashenzari_altar_1, minitemple,
          minmay_temple_entry_butterflies
D:5:      layout_loops_cross, nicolae_elyvilon_temple_path,
          lemuel_mausoleum_altar_yredelemnul, jmf_multi_god_temple,
          uniq_menkaure, uniq_ijyb
D:6:      layout_basic, okawaru_trees_2, ebering_ghost_sewer_d,
          uniq_blork_the_orc, uniq_maggie, uniq_duvessa, uniq_edmund

Skill      XL: |  1  2  3  4  5  6  7  8  9 |
---------------+----------------------------+-----
Fighting       | 1 2 3 4 5 6 7 |  7.4
Earth Magic    | 4 5 6 7 |  7.6
Spellcasting   | 4 5 6 8 |  8.7
Dodging        | |  2.4
Stealth        | |  2.4
Transmutations | |  1.1

Action                   |  1- 3 |  4- 6 |  7- 9 || total
-------------------------+-------+-------+-------++-------
Melee: Rapier            |    47 |       |       ||    47
       Short sword       |    24 |    31 |    44 ||    99
       Spear             |       |       |    40 ||    40
 Cast: Sandblast         |    18 |    23 |    29 ||    70
       Stone Arrow       |       |     7 |    52 ||    59
       Lee's Rapid Decon |       |       |     3 ||     3
       Petrify           |       |       |     2 ||     2
Evoke: Wand              |       |       |    10 ||    10
  Use: Potion            |     1 |       |     3 ||     4
 Stab: Sleeping          |     5 |     3 |     6 ||    14
       Distracted        |       |       |     1 ||     1
Armor: Robe              |    14 |     5 |    24 ||    43
Dodge: Dodged            |    65 |    22 |    93 ||   180

Table legend: (Time is in decaauts)
 A = Elapsed time spent in this place.
 B = Non-inter-level travel time spent in this place.
 C = Inter-level travel time spent in this place.
 D = Time resting spent in this place.
 E = Time spent auto-exploring this place.
 F = Levels seen in this place.
 G = Mean time per level.
                   A        B        C        D        E       F      G
               +--------+--------+--------+--------+--------+-----+--------+
         Total |   7512 |   7392 |    120 |    916 |   5637 |   6 | 1252.0 |
       Dungeon |   7512 |   7392 |    120 |    916 |   5637 |   6 | 1252.0 |
               +--------+--------+--------+--------+--------+-----+--------+

Top non-repeatable levels by time:
     D:5: 1995 daAuts
     D:2: 1548 daAuts
     D:3: 1179 daAuts
     D:4: 1177 daAuts
     D:1: 947 daAuts
     D:6: 664 daAuts
